 Dungeon Crawl Stone Soup version 0.28-a0-691-gad6df49e81 (webtiles) character file.

Game seed: 3520457401870646684

127 cheechan the Shooter (level 5, -2/46 HPs)
             Began as a Naga Hunter on Oct 21, 2021.
             Killed from afar by a white imp (10 damage)
             ... with a puff of frost
             ... on level 3 of the Dungeon.
             The game lasted 00:12:01 (3622 turns).

cheechan the Shooter (Naga Hunter)                  Turns: 3622, Time: 00:12:02

Health: -2/46      AC:  5    Str: 14    XL:     5   Next: 11%
Magic:  5/5        EV:  9    Int: 11    God:
Gold:   104        SH:  0    Dex: 13    Spells: 4/4 levels left

rFire   . . .      SeeInvis +   a - +1 shortbow
rCold   . . .      Faith    .   (shield currently unavailable)
rNeg    . . .      Spirit   .   c - +2 leather armour
rPois   +          Reflect  .   (no helmet)
rElec   .          Harm     .   (no cloak)
rCorr   .          Rampage  .   (no gloves)
Will    +....                   (no barding)
Stlth   ++........              (no amulet)
HPRegen 0.15/turn               e - ring of willpower
MPRegen 0.09/turn               o - ring of flight

@: flying, very slow
A: AC +1, large, see invisible, deformed body, poison resistance, slowness 2,
spit poison 1, naga tail 1
a: Spit Poison


You were on level 3 of the Dungeon.
You visited 1 branch of the dungeon, and saw 3 of its levels.

You collected 104 gold pieces.

Inventory:

Hand Weapons
 a - a +1 shortbow (weapon)
 b - a +0 short sword
 i - a +0 dagger of venom
 k - a +0 war axe of freezing
Missiles
 d - 8 arrows (quivered ammo)
 j - 20 bolts
 m - 62 stones
Armour
 c - a +2 leather armour (worn)
Jewellery
 e - a ring of willpower (left hand)
 o - a ring of flight (right hand)
Scrolls
 l - a scroll of teleportation
Potions
 g - a potion of ambrosia {unknown}
 h - a potion of curing {unknown}
 n - a potion of heal wounds {unknown}


   Skills:
 + Level 2.5 Fighting
 + Level 0.4 Axes
 + Level 4.5 Bows
 + Level 1.4 Armour
 + Level 1.7 Dodging
 * Level 3.4 Stealth


You had 4 spell levels left.
You didn't know any spells.
Your spell library contained the following spells:

 Spells                   Type           Power      Damage    Failure   Level
 Corpse Rot               Necr/Air       0%         N/A       54%         2
 Poisonous Vapours        Pois/Air       0%         N/A       54%         2


Dungeon Overview and Level Annotations

Branches:
Dungeon (3/15)

Altars:
Fedhas


Innate Abilities, Weirdness & Mutations

Your serpentine skin is tough. (AC +1)
You have supernaturally acute eyesight. (SInv)
Armour fits poorly on your strangely shaped body.
Your system is resistant to poisons. (rPois)
You cover ground very slowly.
You can spit poison.
You have a snake-like lower body.


Message History

You shoot an arrow. The arrow closely misses the white imp.
The arrow closely misses the ball python.
The white imp hits you but does no damage.
Fire: 13 arrows
Press: ? - help, Q - select action, (/) - cycle Shift-Dir - straight line, f/p - white imp
Aim: a white imp (heavily wounded, 62% to hit)
You shoot an arrow. The arrow hits the white imp.
The white imp is almost dead.
The white imp hits you. The white imp freezes you.
Fire: 12 arrows
Press: ? - help, Q - select action, (/) - cycle Shift-Dir - straight line, f/p - white imp
Aim: a white imp (almost dead, 62% to hit)
You shoot an arrow.
The arrow hits the white imp but does no damage.
The white imp is almost dead.
The white imp completely misses you.
Fire: 11 arrows
Press: ? - help, Q - select action, (/) - cycle Shift-Dir - straight line, f/p - white imp
Aim: a white imp (almost dead, 62% to hit)
You shoot an arrow.
The arrow hits the white imp but does no damage.
The white imp is almost dead.
The white imp hits you. The white imp freezes you.
Unknown command.
Fire: 10 arrows
Press: ? - help, Q - select action, (/) - cycle Shift-Dir - straight line, f/p - white imp
Aim: a white imp (almost dead, 62% to hit)
You shoot an arrow. The arrow closely misses the white imp.
The arrow hits the ball python!
You kill the ball python!
The white imp gestures at you. The puff of frost hits you.
* * * LOW HITPOINT WARNING * * *
Fire: 9 arrows
Press: ? - help, Q - select action, (/) - cycle Shift-Dir - straight line, f/p - white imp
Aim: a white imp (almost dead, 62% to hit)
You shoot an arrow. The arrow closely misses the white imp.
The white imp gestures at you. The puff of frost hits you!
You die...

#
####.####
#@5(...(#
#.#####.#
#.# #.#
#.# #
#.#####.#
#.......#
####.####
# #.#


You could see a white imp.

Vanquished Creatures
  Robin (D:2)
  3 gnolls (D:2)
  An adder (D:2)
  3 worms (D:2)
  2 dart slugs (D:2)
  5 ball pythons
  4 bats
  3 endoplasms (D:1)
  3 giant cockroaches (D:1)
  15 goblins (D:2)
  7 hobgoblins
  3 kobolds (D:2)
  3 quokkas
  7 frilled lizards
  3 rats (D:1)
63 creatures vanquished.

Vanquished Creatures (others)
  A plant (D:2)
1 creature vanquished.

Grand Total: 64 creatures vanquished

Notes
Turn   | Place    | Note
-------+----------+-------------------------------------------
     0 | D:1      | cheechan the Naga Hunter began the quest for the Orb.
     0 | D:1      | Reached XP level 1. HP: 19/19 MP: 1/1
   168 | D:1      | Found a faded altar of an unknown god.
   488 | D:1      | Reached XP level 2. HP: 8/26 MP: 2/2
   492 | D:1      | Reached skill level 4 in Bows
  1157 | D:1      | Reached XP level 3. HP: 30/32 MP: 3/3
  1945 | D:2      | Reached skill level 1 in Armour
  2308 | D:2      | Reached XP level 4. HP: 18/39 MP: 4/4
  2773 | D:2      | Found a blossoming altar of Fedhas.
  2837 | D:2      | Noticed Robin
  2851 | D:2      | Killed Robin
  2852 | D:2      | Reached XP level 5. HP: 16/46 MP: 5/5
  3622 | D:3      | Killed from afar by a white imp

Illustrated notes

Levels and vault maps discovered:
D:1:      dpeg_arrival_tiny_d, layout_basic, ebering_ecumenical_altar_hall
D:2:      layout_basic, basic_altar, serial_forest, infiniplex_forest_zigzag_1,
          infiniplex_forest_clump_double, infiniplex_forest_lined_ring,
          infiniplex_forest_end_double, minmay_crystal_room, uniq_robin
D:3:      layout_loops_ring, minmay_misc_feat_plants, nicolae_underground_beach

Skill      XL: |  1  2  3  4 |
---------------+-------------+-----
Bows           | 4 |  4.5
Stealth        | 2 3 |  3.4
Armour         | 1 |  1.4
Fighting       | |  2.5
Axes           | |  0.4
Dodging        | |  1.7

Action                   |  1- 3 |  4- 6 || total
-------------------------+-------+-------++-------
Melee: War axe           |     4 |    21 ||    25
 Fire: Shortbow          |    91 |    39 ||   130
 Abil: Spit Poison       |       |     1 ||     1
  Use: Scroll            |     3 |     2 ||     5
       Potion            |       |     1 ||     1
Armor: Leather armour    |    10 |    23 ||    33
       Skin              |       |    26 ||    26
Dodge: Dodged            |    29 |    35 ||    64

Table legend: (Time is in decaauts)
 A = Elapsed time spent in this place.
 B = Non-inter-level travel time spent in this place.
 C = Inter-level travel time spent in this place.
 D = Time resting spent in this place.
 E = Time spent auto-exploring this place.
 F = Levels seen in this place.
 G = Mean time per level.
                   A        B        C        D        E       F      G
               +--------+--------+--------+--------+--------+-----+--------+
         Total |   4568 |   4568 |      0 |   1019 |      0 |   3 | 1522.7 |
       Dungeon |   4568 |   4568 |      0 |   1019 |      0 |   3 | 1522.7 |
               +--------+--------+--------+--------+--------+-----+--------+

Top non-repeatable levels by time:
     D:1: 2370 daAuts
     D:2: 2152 daAuts
     D:3: 45 daAuts
